Map: 퓨리티 앤 인더스트리 - 래더

Players

Dream

  • Race: Terran Terran
  • League: Master
  • Spawn Location: 3:00

Zest - Winner!

  • Race: Protoss Protoss
  • League: Master
  • Spawn Location: 12:00

VOD

https://www.youtube.com/watch?v=FzoEcCD5ibE

Description

Time

  • Played on: April 21, 2020, 8:11 a.m.
  • Length: 11:17
Show
View Real Time Build Order
Export as new Build Order

Dream Terran 

Build Orders: Reaper Expand 

Get SALT Encoding   

  12  0:00  SCV  
  13  0:12  SCV  
  14  0:17  Supply Depot  
  14  0:24  SCV  
  15  0:38  SCV  
  15  0:39  Barracks  
  16  0:43  Refinery  
  16  0:50  SCV  
  17  1:02  SCV  
  18  1:14  SCV  
  19  1:25  Reaper  
  19  1:27  Orbital Command  
  20  1:42  Command Center  
  20  1:50  Supply Depot  
  20  1:55  SCV  
  21  2:01  Marine  
  21  2:04  Bunker  
  21  2:07  SCV  
  23  2:17  Factory  
  23  2:20  SCV  
  24  2:23  Barracks Reactor  
  23  2:32  SCV  
  23  2:36  Refinery  
  24  2:44  SCV  
  25  2:54  Orbital Command  
  25  2:57  SCV  
  26  3:01  Hellion  
  26  3:02  Starport  
  26  3:03  Marine x2  
  30  3:09  SCV  
  31  3:20  SCV  
  31  3:21  SCV  
  31  3:22  Marine x2  
  31  3:23  Widow Mine  
  37  3:32  SCV  
  37  3:33  SCV  
  39  3:37  Supply Depot  
  39  3:39  Medivac  
  39  3:40  Marine x2  
  43  3:44  Widow Mine, SCV  
  46  3:57  Barracks  
  46  3:59  SCV x2  
  46  4:00  Barracks  
  48  4:04  Marine x2  
  48  4:09  Engineering Bay  
  50  4:11  SCV  
  50  4:12  SCV  
  52  4:19  Refinery  
  52  4:21  Bunker  
  52  4:23  SCV  
  52  4:24  SCV  
  54  4:26  Supply Depot  
  54  4:33  Marine x2  
  54  4:35  SCV  
  54  4:36  SCV  
  54  4:37  Starport Tech Lab, Factory Tech Lab  
  52  4:41  Terran Infantry Weapons Level 1  
  52  4:47  SCV  
  52  4:53  Marine x2  
  52  4:56  SCV  
  55  5:02  SCV, Stimpack  
  55  5:03  Marauder x2  
  55  5:07  Combat Shield  
  60  5:08  SCV  
  60  5:11  Starport Reactor, Factory Reactor  
  62  5:14  Supply Depot  
  62  5:17  Supply Depot  
  62  5:18  SCV  
  62  5:25  Supply Depot  
  62  5:27  Supply Depot  
  62  5:29  Refinery  
  62  5:35  Marine x2  
  62  5:36  SCV, Marauder x2  
  62  5:38  SCV, Supply Depot  
  70  5:47  Supply Depot  
  70  5:48  Medivac x2, SCV  
  75  5:50  SCV  
  75  5:52  Widow Mine  
  75  5:53  Marine  
  75  5:54  Widow Mine  
  81  6:00  Marauder x2  
  86  6:06  Marine  
  86  6:10  Supply Depot  
  87  6:11  Marine  
  87  6:15  Widow Mine x2  
  87  6:18  Medivac x2  
  94  6:24  Marauder x2  
  98  6:25  Marine  
  98  6:29  Marine  
  100  6:36  Widow Mine  
  100  6:37  Widow Mine  
  100  6:39  Command Center  
  104  6:44  Marine  
  104  6:45  Terran Infantry Armor Level 1  
  104  6:46  Concussive Shells, Supply Depot  
  103  6:48  SCV x2  
  103  6:50  Marauder  
  103  6:52  Marauder  
  109  7:00  SCV x2  
  109  7:12  SCV, Marauder  
  109  7:13  SCV, Marauder  
  112  7:16  Marine  
  112  7:20  Marine  
  112  7:24  Supply Depot  
  112  7:25  SCV x2  
  112  7:26  Supply Depot  
  114  7:30  Barracks  
  114  7:33  Barracks  
  114  7:35  Marine  
  114  7:37  Marine, SCV  
  116  7:38  SCV  
  116  7:43  Marauder x2  
  121  7:49  SCV  
  122  7:57  Marine x2  
  122  7:58  SCV  
  122  8:00  SCV  
  122  8:04  Marauder  
  122  8:05  Marauder  
  121  8:08  SCV  
  121  8:10  SCV  
  107  8:14  Widow Mine  
  107  8:15  Marine  
  107  8:18  Orbital Command  
  95  8:21  Barracks Reactor  
  95  8:22  SCV  
  95  8:26  SCV, Marauder x2  
  95  8:34  SCV  
  95  8:37  Barracks Tech Lab  
  96  8:43  Marine  
  96  8:44  SCV x2  
  96  8:47  Marauder x2  
  96  8:48  Marine  
  100  8:50  SCV  
  95  8:56  SCV  
  95  9:02  Marine x2  
  104  9:03  Marauder  
  104  9:06  SCV  
  104  9:07  SCV  
  104  9:09  Marauder  
  108  9:10  Viking  
  108  9:11  Marine, Viking  
  108  9:12  Marauder  
  108  9:13  SCV  
  112  9:17  Marine  
  112  9:18  SCV  
  112  9:19  SCV  
  115  9:24  Marine  
  115  9:25  Marine, SCV, Marauder  
  115  9:29  Marine  
  115  9:30  SCV, Marauder  
  124  9:31  SCV  
  124  9:34  Ghost Academy  
  124  9:36  Marauder  
  124  9:38  SCV  
  127  9:39  Marine  
  127  9:42  SCV  
  127  9:43  SCV  
  127  9:44  Marine x2  
  132  9:50  SCV  
  132  9:51  Marine  
  132  9:52  Viking x2  
  138  9:54  SCV  
  138  9:55  SCV  
  138  9:58  Supply Depot  
  144  10:01  Supply Depot  
  144  10:02  SCV  
  147  10:08  Marine x2  
  149  10:18  Supply Depot  
  149  10:19  Marine  
  149  10:20  Refinery, Marine, Supply Depot  
  149  10:21  Refinery  
  151  10:28  Marine x2  
  151  10:30  Viking x2  
  151  10:31  Widow Mine  
  151  10:32  Widow Mine, Unknown x3  
  161  10:41  Marine, Marauder  
  165  10:47  Marine  
  165  10:48  Marine  
  159  10:51  SCV x3  
  130  11:03  SCV x2  
  104  11:05  SCV  
  104  11:08  Unknown x2  
Show
View Real Time Build Order
Export as new Build Order

Zest Protoss - Winner!

Build Orders: 1 Gate Expand, Blink Stalkers 

Get SALT Encoding   

  12  0:00  Probe  
  13  0:12  Probe  
  14  0:17  Pylon  
  14  0:24  Probe (Chrono Boost)  
  15  0:37  Gateway, Probe (Chrono Boost)  
  16  0:45  Probe (Chrono Boost)  
  16  0:46  Assimilator  
  17  0:51  Probe  
  18  1:03  Probe  
  19  1:15  Probe  
  20  1:24  Cybernetics Core  
  20  1:32  Nexus  
  20  1:36  Probe  
  21  1:42  Pylon  
  21  1:48  Probe  
  21  1:51  Assimilator  
  22  1:57  Adept (Chrono Boost)  
  22  2:00  Probe  
  25  2:03  Warp Gate  
  25  2:12  Probe  
  26  2:20  Stalker  
  28  2:24  Probe  
  29  2:37  Twilight Council, Probe (Chrono Boost)  
  30  2:46  Probe (Chrono Boost)  
  32  2:54  Gateway  
  32  2:55  Probe (Chrono Boost)  
  32  2:57  Probe (Chrono Boost)  
  33  3:01  Stalker  
  33  3:02  Probe x2 (Chrono Boost)  
  37  3:06  Blink (Chrono Boost)  
  37  3:13  Probe x2  
  39  3:25  Probe x2  
  41  3:28  Robotics Facility  
  41  3:37  Probe x2  
  41  3:39  Pylon  
  43  3:49  Probe x2  
  45  3:56  Nexus  
  45  3:59  Sentry  
  45  4:01  Probe, Stalker  
  50  4:04  Probe  
  50  4:09  Pylon  
  51  4:12  Phoenix  
  51  4:13  Probe  
  51  4:14  Assimilator  
  53  4:17  Observer, Probe  
  54  4:27  Probe  
  54  4:30  Stalker x2  
  59  4:33  Probe  
  53  4:39  Probe (Chrono Boost)  
  53  4:43  Observer  
  55  4:48  Forge  
  55  4:50  Probe (Chrono Boost)  
  55  4:51  Probe (Chrono Boost)  
  57  4:58  Pylon, Probe (Chrono Boost)  
  59  5:00  Probe (Chrono Boost)  
  59  5:02  Charge  
  59  5:04  Observer  
  61  5:07  Probe (Chrono Boost)  
  61  5:08  Protoss Ground Weapons Level 1 (Chrono Boost)  
  61  5:09  Probe (Chrono Boost)  
  61  5:10  Probe (Chrono Boost)  
  61  5:11  Observer  
  63  5:19  Gateway  
  63  5:20  Gateway, Probe (Chrono Boost)  
  66  5:21  Gateway, Probe (Chrono Boost)  
  66  5:23  Probe (Chrono Boost)  
  66  5:25  Probe (Chrono Boost)  
  66  5:26  Probe (Chrono Boost)  
  68  5:30  Observer  
  68  5:34  Warp Prism (Chrono Boost)  
  70  5:41  Pylon, Sentry x2  
  74  5:44  Observer, Gateway  
  74  5:49  Gateway x2  
  74  6:03  Pylon  
  74  6:14  Stalker x4  
  74  6:15  Stalker  
  84  6:21  Immortal (Chrono Boost), Probe x3  
  91  6:44  Zealot x2  
  91  6:45  Zealot x2  
  99  6:53  Stalker x2  
  101  7:03  Protoss Ground Armor Level 1 (Chrono Boost)  
  101  7:11  Pylon  
  101  7:13  Pylon  
  101  7:15  Pylon  
  101  7:19  Probe x2  
  101  7:21  Pylon, Probe  
  98  7:24  Pylon  
  98  7:26  Assimilator  
  98  7:29  Immortal (Chrono Boost)  
  102  7:30  Pylon, Assimilator  
  102  7:31  Zealot x3  
  102  7:33  Colossus (Chrono Boost)  
  108  7:42  Zealot x3  
  108  7:43  Zealot x2  
  108  7:44  Probe x3  
  120  7:48  Templar Archives  
  120  7:50  Pylon  
  121  7:51  Pylon  
  121  7:55  Zealot x3  
  121  7:56  Probe  
  128  8:03  Zealot x5  
  128  8:04  Immortal (Chrono Boost)  
  132  8:13  Observer  
  132  8:16  Pylon  
  124  8:20  Zealot x3  
  124  8:25  Stalker x3  
  128  8:32  Stalker  
  130  8:46  Psionic Storm  
  120  8:53  Stalker  
  120  8:54  Stalker x5  
  132  9:00  Protoss Ground Weapons Level 2 (Chrono Boost)  
  132  9:08  Warp Prism  
  132  9:11  Photon Cannon  
  132  9:12  Shield Battery  
  132  9:13  Pylon  
  134  9:24  Photon Cannon  
  134  9:26  Observer, High Templar x2  
  134  9:29  Assimilator  
  138  9:34  Nexus  
  138  9:36  Pylon  
  138  9:39  Zealot x3  
  138  9:44  High Templar  
  146  9:52  Zealot  
  148  9:58  Gateway  
  148  9:59  Stalker x4  
  146  10:12  High Templar  
  148  10:15  Gateway  
  148  10:16  Gateway  
  148  10:17  Zealot  
  148  10:18  Zealot  
  152  10:30  Zealot x4  
  154  10:55  Archon  
  134  10:59  Zealot x5  
  134  11:00  Zealot x3  
Tags
 
Add a new tag
Caveats
  • Supply blocks, unpowered buildings, or Contaminate may cause inaccurate times.
  • Supply counts are checked every 10 seconds.